 Dungeon Crawl Stone Soup version 0.20.1-1-g8b1a95d (console) character file.

684737 hilaritas the Conqueror (level 27, -23/224 HPs)
             Began as a Formicid Fighter on Mar 7, 2018.
             Was the Champion of Okawaru.
             Killed from afar by Putigis the pandemonium lord (51 damage)
             ... with a crystal spear
             ... on level 5 of the Realm of Zot on Mar 8, 2018.
             The game lasted 03:52:07 (69831 turns).

hilaritas the Conqueror (Formicid Fighter)         Turns: 69831, Time: 03:52:08

Health: -23/224    AC: 50    Str: 39    XL:     27
Magic:  30/30      EV: 21    Int:  8    God:    Okawaru [******]
Gold:   1702       SH: 29    Dex:  6    Spells: 3/26 levels left

rFire    + + .     SeeInvis +   T - +8 executioner's axe (freeze)
rCold    + + +     Gourm    .   P - +6 large shield {AC+3}
rNeg     + + .     Faith    .   g - +8 orange crystal plate armour {Archmagi, Int+3 Clar}
rPois    +         Spirit   .   (helmet unavailable)
rElec    .         Reflect  .   y - scarf {cloud immunity}
rCorr    .         Harm     .   v - +2 pair of gloves {Str+3}
MR       +++++     Clarity  +   U - +2 pair of boots {run}
Stlth    ..........             V - amulet "Guri Caf" {*Contam rPois MR+++ Regen+ SInv}
Regen    0.9/turn               H - ring of Phasing {EV+8}
MPRegen  0.3/turn               o - ring "Mavusmete" {rC+++ rN++ Str+3 Int-2 Dex-2}

@: quick
A: permanent stasis, dig shafts and tunnels, four strong arms, antennae 3, thin
skeletal structure 1, clumsy 2, dopey 1, fire resistance 2, frail 1, subdued
magic 2, MP-powered wands
0: Orb of Zot
}: 3/15 runes: serpentine, barnacled, silver
a: Dig, Shaft Self, Heroism, Finesse, Renounce Religion


You were on level 5 of the Realm of Zot.
You worshipped Okawaru.
Okawaru was exalted by your worship.
You were not hungry.

You visited 10 branches of the dungeon, and saw 50 of its levels.
You also visited: Trove, Ice Cave and Wizlab.

You collected 9476 gold pieces.
You spent 7774 gold pieces at shops.

Inventory:

Hand Weapons
 I - the +5 battleaxe of Governance {flame, rElec Int-2 Dex+8 SInv}
   (You bought it in a shop on level 1 of the Vaults)

   It has been specially enchanted to burn those struck by it, causing extra
   injury to most foes and up to half again as much damage against particularly
   susceptible opponents.
   Big, fiery blades are also staple armaments of hydra-hunters.
   It affects your intelligence (-2).
   It affects your dexterity (+8).
   It insulates you from electricity.
   It lets you see invisible.
 T - a +8 executioner's axe of freezing (weapon)
Missiles
 L - 31 silver javelins (quivered)
 R - 4 throwing nets
Armour
 a - a scarf of repulsion
 g - the +8 orange crystal plate armour (worn) {Archmagi, Int+3 Clar}
   (You bought it in a shop on level 2 of the Orcish Mines)

   It affects your intelligence (+3).
   It protects you against confusion.
 v - a +2 pair of gloves of strength (worn)
 y - a scarf of cloud immunity (worn)
 F - the +0 faerie dragon scales {rCorr Str+3}
   (You took it off the Enchantress on level 1 of the Depths)

   It affects your strength (+3).
   It protects you from acid and corrosion.
 P - a +6 large shield of protection (worn)
 U - a +2 pair of boots of running (worn)
Jewellery
 l - the ring of Heblaqol {rPois rF+ rC++ EV+2 Dex+2}
   (You found it in a treasure trove)

   [ring of evasion]

   It affects your evasion (+2).
   It affects your dexterity (+2).
   It protects you from fire.
   It greatly protects you from cold.
   It protects you from poison.
 o - the ring "Mavusmete" (right hand) {rC+++ rN++ Str+3 Int-2 Dex-2}
   (You found it in a treasure trove)

   [ring of strength]

   It affects your strength (+3).
   It affects your intelligence (-2).
   It affects your dexterity (-2).
   It renders you almost immune to cold.
   It greatly protects you from negative energy.
 z - the ring of Tishrid {*Slow rPois Str+9 Dex-4 SInv}
   (You took it off a vault warden on level 5 of the Vaults)

   [ring of see invisible]

   It affects your strength (+9).
   It affects your dexterity (-4).
   It protects you from poison.
   It lets you see invisible.
   It may slow you when you take damage.
 B - the ring of Midwinter {+Fly rElec rPois MR+ Dex-4}
   (You found it on level 4 of the Lair of Beasts)

   [ring of flight]

   It affects your dexterity (-4).
   It insulates you from electricity.
   It protects you from poison.
   It affects your resistance to hostile enchantments.
   It lets you fly.
 C - the amulet "Qaisoiqa" {Harm *Drain rPois rC+}
   (You found it on level 2 of the Elven Halls)

   [amulet of harm]

   It increases damage dealt and taken.
   It protects you from cold.
   It protects you from poison.
   It causes draining when unequipped.
 H - the ring of Phasing (left hand) {EV+8}
   (You acquired it on level 10 of the Dungeon)

   [ring of evasion]

   It affects your evasion (+8).
 V - the amulet "Guri Caf" (around neck) {*Contam rPois MR+++ Regen+ SInv}
   (You took it off a yaktaur on level 5 of the Vaults)

   [amulet of regeneration]

   It protects you from poison.
   It affects your resistance to hostile enchantments.
   It lets you see invisible.
   It causes magical contamination when unequipped.
   It increases your rate of regeneration.
Wands
 b - a wand of iceblast (7/15)
 c - a wand of paralysis (10/24)
 p - a wand of acid (8/15)
 t - a wand of clouds (1/9)
 x - a wand of scattershot (5/9)
 G - a wand of digging (11/24)
 M - a wand of disintegration (5/24)
Scrolls
 e - 11 scrolls of recharging
 h - 6 scrolls of summoning
 r - 9 scrolls of fog
 s - 22 scrolls of remove curse
 A - 5 scrolls of silence
 D - 3 scrolls of magic mapping
 J - a scroll of holy word
 K - 5 scrolls of fear
 W - 5 scrolls of identify
Potions
 i - 11 potions of flight
 n - 16 potions of curing
 q - 6 potions of brilliance
 u - 2 potions of invisibility
 w - 5 potions of cancellation
 E - 7 potions of ambrosia
 N - 5 potions of resistance
 O - 5 potions of magic
 Q - 18 potions of mutation
 S - 11 potions of agility
 X - 3 potions of might
Miscellaneous
 Z - 5 sacks of spiders
Comestibles
 f - 34 bread rations
 m - 21 meat rations


   Skills:
 O Level 27 Fighting
 - Level 26.0 Axes
 O Level 27 Armour
 * Level 15.2 Dodging
 - Level 15.0 Shields
 - Level 10.0 Invocations
 * Level 10.6 Evocations


You had 3 spell levels left.
You knew the following spells:

 Your Spells              Type           Power        Failure   Level  Hunger
a - Summon Small Mammal   Summ           #...         78%         1    ##.....
b - Call Canine Familiar  Summ           #.......     99%         3    ####...
c - Apportation           Tloc           #.....       78%         1    ##.....
d - Summon Ice Beast      Ice/Summ       #.......     100%        4    #####..
e - Summon Butterflies    Summ           #.......     78%         1    ##.....
f - Shroud of Golubria    Chrm/Tloc      #.........   90%         2    ###....
g - Tukima's Dance        Hex            #.......     99%         3    ####...
h - Swiftness             Chrm/Air       #.......     90%         2    ###....
i - Deflect Missiles      Chrm/Air       #.........   100%        6    #######


Dungeon Overview and Level Annotations

Branches:
Dungeon (15/15)            Temple (1/1) D:6            Lair (6/6) D:10
 Shoals (4/4) Lair:4        Snake (4/4) Lair:4        Slime (0/5) Lair:6
    Orc (2/2) D:10            Elf (3/3) Orc:2        Vaults (5/5) D:14
  Crypt (0/3) Vaults:2     Depths (5/5) D:15            Zot (5/5) Depths:5

Altars:
Ashenzari
Cheibriados
Dithmenos
Elyvilon
Fedhas
Gozag
Hepliaklqana
Kikubaaqudgha
Makhleb
Nemelex Xobeh
Okawaru
Qazlal
Ru
Sif Muna
Trog
Uskayaw
Vehumet
Xom
Yredelemnul
Zin
The Shining One
Jiyva

Shops:
D:8 ?   D:15 !   Orc:2 !=}[   Elf:1 (   Shoals:4 *   Vaults:1 *   Vaults:4 [

Portals:
Hell: Depths:1 Depths:2 Depths:3 Depths:4 Depths:5
Abyss: Depths:4
Pandemonium: Depths:3
Ziggurat: Depths:2

Annotations:
Zot:5 exclusion: obsidian statue


Innate Abilities, Weirdness & Mutations

You cannot be hasted, slowed, berserked, paralysed or teleported.
You can dig through walls and to a lower floor.
Your four strong arms can wield two-handed weapons with a shield.
You have a pair of large antennae on your head. (SInv)
You have a somewhat thin skeletal structure. (Dex +2, Stealth)
You are very clumsy. (Dex -4)
You are dopey. (Int -2)
Your flesh is very heat resistant. (rF++)
You are frail. (-10% HP)
Your spells are easier to cast, but less powerful.
You expend magic power (3 MP) to strengthen your wands.


Message History

You feel haunted.
The tormentor calls on the powers of darkness!
Your body is wracked with pain!
* * * LOW HITPOINT WARNING * * *
You block Putigis's attack.
Things that are here:
a dire flail; a purple draconian skeleton Putigis gestures at you.
The blast of poison engulfs you! You resist.
The lich points at you and mumbles some strange words.
You feel haunted.
You found a blade trap!
Putigis gestures at you. You block the crystal spear.
A shadow dragon comes into view.
The lich gestures at you while chanting.
You feel haunted. Putigis gestures at you. The crystal spear hits you!
You die...

.#...########.####### ###### #.#
#.# #.## #..# ##)# **
########.######## ###### ,**
#......D........# ##..... ,,**
##.............#* ##...... ,,,**
#.....$.W...W.# ##....... ,,,,*
##......W@(..## #........ ....#
#...........# #...÷.... ....#
##.........&.## #........ ....#
#.........W..^# #........ ....#
##............§## #...(.^..
....###..............L###........
...###...###########.W.###..W..^.
.^##....## ##.W2.##){....
..^...### ###...){W2.[[ #▓▓▓▓▓#
#▓▓▓▓▓▓▓▓▓▓ ,,**** ▓▓▓▓......


You could see Putigis (invisible), a shadow dragon, a lich, 3 freezing wraiths,
a tormentor, a phantom and 2 wraiths.

Vanquished Creatures
  Mennas (Vaults:3)
  3 orbs of fire
  An ancient lich (Zot:5)
  3 juggernauts
  Sojobo (Vaults:3)
  Frederick (Depths:5)
  Bai Suzhen (Shoals:3)
  Vashnia (Snake:4)
  2 caustic shrikes (Depths:5)
  5 curse toes
  6 Killer Klowns
  Nikola (Depths:2)
  Jory (Vaults:3)
  12 golden dragons
  A mutant beast (WizLab)
  the Enchantress (Depths:1)
  An electric golem (Zot:5)
  13 tentacled monstrosities
  2 liches
  An Ice Fiend (IceCv)
  21 Orb Guardians (Zot:5)
  Rupert (D:13)
  The ghost of hilaritas the Slayer, an adept DsBe of Trog (Elf:3)
  A quicksilver dragon (shapeshifter) (Vaults:5)
  Asterion (Snake:1)
  2 deep elf master archers (Elf:3)
  5 titans
  3 deep elf blademasters
  6 quicksilver dragons
  9 death cobs
  The ghost of hilaritas the Executioner, an adept FoFi of Okawaru (Shoals:2)
  6 shadow dragons
  A kraken (Shoals:2)
  Gastronok (Lair:3)
  4 sphinxes
  A sphinx (shapeshifter) (Vaults:5)
  21 storm dragons
  Donald (Snake:3)
  8 draconian monks
  15 nagarajas
  Ilsuiw (Shoals:4)
  10 tengu reavers
  11 frost giants
  7 deep elf sorcerers
  7 draconian scorchers
  15 fire giants
  2 iron dragons
  17 vault wardens
  An orc warlord (Orc:1)
  Aizul (Shoals:1)
  6 draconian knights
  A ghost moth (Zot:1)
  6 deep elf elementalists
  4 draconian annihilators
  4 draconian shifters
  7 draconian stormcallers
  8 spriggan defenders
  19 ironheart preservers
  29 very ugly things
  19 stone giants
  3 entropy weavers
  3 war gargoyles (Vaults:5)
  A juggernaut skeleton (Depths:3)
  3 vampire knights
  6 black draconians
  12 green draconians
  A dire elephant (D:15)
  9 deep elf demonologists
  10 white draconians
  The ghost of hilaritas the Fighter, a journeyman DDMo of Makhleb (D:12)
  10 deep elf annihilators
  9 red draconians
  16 yellow draconians
  14 spark wasps
  13 purple draconians
  9 merfolk javelineers
  9 ettins
  6 deep elf death magi
  13 merfolk impalers
  A fire dragon (shapeshifter) (Depths:5)
  4 deep elf high priests
  15 yaktaur captains
  Erolcha (D:9)
  4 jiangshi
  18 fire dragons
  The ghost of hilaritas the Blocker, a journeyman DgFi (D:12)
  7 great orbs of eyes
  A hell beast (Depths:3)
  32 vault guards
  A caustic shrike simulacrum (Depths:3)
  16 naga warriors
  9 ice dragons
  5 rakshasas
  6 hydras
  6 spriggan air magi
  2 alligator snapping turtles
  Harold (Lair:3)
  2 merfolk aquamancers
  An alligator (Snake:2)
  4 merfolk avatars
  A death knight (D:10)
  12 deep troll shamans
  45 two-headed ogres
  An alligator (shapeshifter) (Vaults:5)
  2 satyrs
  A satyr (shapeshifter) (Vaults:5)
  12 centaur warriors
  5 tengu warriors
  A vampire mage (Depths:4)
  16 anacondas
  27 dancing weapons
  7 deep troll earth magi
  The ghost of Kairos the Cruncher, a novice FoFi of Okawaru (D:8)
  17 ogre magi
  An orc high priest (Orc:1)
  An iron golem (WizLab)
  14 naga sharpshooters
  9 spriggan berserkers
  11 shock serpents
  6 hell knights
  25 deep elf knights
  2 fire crabs (shapeshifter) (WizLab)
  2 shadow wraiths
  5 iron trolls
  6 salamander mystics
  16 sea snakes
  4 skeletal warriors (Vaults:1)
  A sea snake (shapeshifter) (Vaults:5)
  3 flayed ghosts (Depths:5)
  2 swamp dragons (Snake:2)
  3 unseen horrors (shapeshifter)
  3 wizards
  A storm dragon skeleton (Depths:3)
  A swamp dragon (shapeshifter) (Vaults:2)
  22 deep trolls
  5 unseen horrors
  14 deep elf archers
  10 glowing orange brains
  An orange crystal statue (Depths:1)
  3 phantasmal warriors
  5 lindwurms
  5 necromancers
  A tengu zombie (Vaults:4)
  23 ironbrand convokers
  Pikel (D:7)
  17 orc knights
  5 orc sorcerers
  16 mana vipers
  13 naga ritualists
  6 wolf spiders
  33 harpies
  A sphinx zombie (Depths:3)
  67 deep elf magi
  63 ugly things
  20 manticores
  A shining eye (shapeshifter) (Vaults:3)
  An oklob plant (Depths:4)
  14 salamanders
  4 cyclopes
  18 fauns
  An ice statue (IceCv)
  14 elephants
  2 black mambas (shapeshifter)
  A guardian serpent (shapeshifter) (Depths:2)
  A rust devil (Depths:3)
  23 moths of wrath
  26 naga magi
  53 black mambas
  17 vault sentinels
  3 eyes of devastation (Depths:3)
  8 merfolk sirens
  12 guardian serpents
  A torpor snail (Lair:6)
  A spiny frog (shapeshifter) (WizLab)
  15 spiny frogs
  A gargoyle (D:11)
  8 water nymphs
  5 rime drakes
  2 efreet (D:15)
  2 kobold demonologists (D:15)
  9 freezing wraiths
  A komodo dragon (shapeshifter) (WizLab)
  35 yaktaurs
  2 anaconda simulacra (IceCv)
  15 komodo dragons
  8 ice devils
  A golden dragon simulacrum (Depths:3)
  3 tengu conjurers
  A queen bee (shapeshifter) (D:13)
  2 trolls (shapeshifter)
  8 trolls
  7 wind drakes
  11 hornets
  A red devil (Depths:3)
  2 jumping spiders (shapeshifter)
  3 jumping spiders
  A wolf spider simulacrum (IceCv)
  42 merfolk
  4 polar bears
  A meliai (D:14)
  A polar bear (shapeshifter) (Vaults:1)
  3 meliai (shapeshifter)
  40 slime creatures
  2 raiju (shapeshifter)
  A hornet (shapeshifter) (WizLab)
  A snapping turtle (shapeshifter) (Depths:5)
  A blink frog (shapeshifter) (Depths:5)
  A meliai zombie (D:15)
  24 dream sheep
  10 hippogriffs
  10 blink frogs (Lair:4)
  6 snapping turtles
  2 hippogriffs (shapeshifter) (WizLab)
  A dream sheep (shapeshifter) (Depths:5)
  10 spriggans
  6 air elementals
  A shadow (D:14)
  A tarantella (Vaults:2)
  4 redbacks
  7 large abominations (WizLab)
  4 wraiths
  A spriggan (shapeshifter) (Depths:5)
  5 fire elementals
  5 wyverns
  17 water elementals
  6 basilisks
  2 yaks (shapeshifter) (WizLab)
  50 yaks
  3 golden eyes (Depths:3)
  2 hogs (shapeshifter)
  2 dire elephant simulacra (IceCv)
  A golden eye (shapeshifter) (WizLab)
  A human (shapeshifter) (Vaults:3)
  2 yaktaur simulacra (Vaults:4)
  16 humans
  2 death yak simulacra (IceCv)
  4 vampire mosquitoes
  A hungry ghost (D:8)
  A steam dragon (D:9)
  A swamp worm (Snake:2)
  5 wargs
  4 harpy simulacra (IceCv)
  5 iron troll simulacra (IceCv)
  75 nagas
  An acid dragon (Vaults:1)
  2 insubstantial wisps (D:13)
  31 water moccasins
  5 hydra simulacra (IceCv)
  6 small abominations (WizLab)
  39 orc warriors
  6 porcupines
  A porcupine (shapeshifter) (Vaults:1)
  4 ice beasts
  9 floating eyes
  2 swamp drakes
  2 sky beasts
  A necrophage (D:10)
  A sky beast (shapeshifter) (WizLab)
  4 black bears
  A phantom (D:7)
  67 ogres
  An ettin simulacrum (IceCv)
  2 tengu (shapeshifter)
  13 wolves
  13 crocodiles
  14 centaurs
  A crocodile (shapeshifter) (WizLab)
  4 big kobolds
  20 bullfrogs
  A big kobold (shapeshifter) (WizLab)
  An earth elemental (Elf:2)
  A gnoll sergeant (D:8)
  2 wyvern zombies
  4 scorpions
  A water moccasin skeleton (D:10)
  An elephant simulacrum (IceCv)
  A human simulacrum (Vaults:3)
  30 killer bees
  9 wights
  9 howler monkeys
  12 crimson imps
  A centaur zombie (D:10)
  2 draconian simulacra (IceCv)
  8 jellies
  A quasit (D:10)
  11 orc priests
  A bullfrog skeleton (D:12)
  15 orc wizards
  2 gnoll shamans (D:8)
  5 hounds
  2 centaur skeletons
  9 iguanas
  11 worker ants
  3 spriggan simulacra (IceCv)
  A troll simulacrum (IceCv)
  2 centaur simulacra (IceCv)
  2 hound zombies (D:10)
  A hound skeleton (D:5)
  2 worker ant zombies
  16 gnolls
  A howler monkey skeleton (D:4)
  An ogre simulacrum (IceCv)
  13 adders
  2 shadow imps
  15 white imps
  2 ufetubi (IceCv)
  An ooze (D:3)
  2 adder skeletons
  4 worms
  5 dart slugs
  3 leopard geckos
  85 orcs
  7 bats
  7 giant cockroaches
  6 goblins
  5 hobgoblins
  14 jackals
  5 quokkas
  2 ball pythons
  6 frilled lizards
  12 kobolds
  8 rats
  10 fungi
  10 plants
  2 tentacles (Shoals:2)
2605 creatures vanquished.

Vanquished Creatures (others)
  3 merfolk javelineers (Shoals:4)
  A vault guard (Vaults:5)
  A centaur warrior (D:14)
  2 satyrs (Shoals:4)
  A deep elf knight (Elf:1)
  4 naga sharpshooters
  A naga ritualist (Snake:3)
  A deep elf archer (Elf:1)
  A deep elf mage (Elf:3)
  A cyclops (D:15)
  A naga mage (Snake:2)
  2 vampire mosquitoes (D:13)
  A naga (Snake:4)
  A slave (D:7)
  3 centaurs
  2 bullfrogs (D:7)
  A white imp (IceCv)
  2 orcs
  A bush (Lair:6)
  26 fungi
  25 plants
  2 tentacles (Shoals:2)
83 creatures vanquished.

Grand Total: 2688 creatures vanquished

Notes
Turn   | Place    | Note
-------+----------+-------------------------------------------
     0 | D:1      | hilaritas the Formicid Fighter began the quest for the Orb.
     0 | D:1      | Reached XP level 1. HP: 18/18 MP: 1/1
   138 | D:1      | Reached XP level 2. HP: 24/24 MP: 2/2
   565 | D:1      | Reached XP level 3. HP: 28/29 MP: 3/3
  1188 | D:2      | Reached XP level 4. HP: 37/37 MP: 4/4
  2055 | D:3      | Reached XP level 5. HP: 42/42 MP: 5/5
  2435 | D:3      | Learned a level 1 spell: Summon Small Mammal
  2439 | D:3      | Learned a level 3 spell: Call Canine Familiar
  2774 | D:4      | Noticed an ogre
  2783 | D:4      | HP: 2/42 [ogre/giant spiked club (12)]
  2785 | D:4      | Killed an ogre
  2785 | D:4      | Reached XP level 6. HP: 12/48 MP: 6/6
  3204 | D:4      | Reached skill level 5 in Axes
  3474 | D:4      | Noticed an ogre
  3481 | D:4      | Killed an ogre
  3547 | D:4      | Noticed a sky beast
  3562 | D:4      | Killed a sky beast
  3562 | D:4      | Reached skill level 5 in Shields
  3562 | D:4      | Reached XP level 7. HP: 45/55 MP: 7/7
  4008 | D:5      | Entered Level 5 of the Dungeon
  4322 | D:5      | Reached XP level 8. HP: 61/61 MP: 8/8
  4367 | D:5      | Reached skill level 5 in Fighting
  5254 | D:6      | Found a staircase to the Ecumenical Temple.
  5262 | Temple   | Entered the Ecumenical Temple
  5369 | Temple   | Became a worshipper of Warmaster Okawaru
  5680 | D:6      | Reached skill level 1 in Invocations
  6154 | D:6      | Reached XP level 9. HP: 68/68 MP: 10/10
  6165 | D:7      | Noticed Pikel
  6176 | D:7      | Killed Pikel
  6397 | D:7      | Found a blossoming altar of Fedhas.
  6402 | D:7      | Found a sparkling altar of Nemelex Xobeh.
  6408 | D:7      | Found a glowing silver altar of Zin.
  6416 | D:7      | Reached * piety under Okawaru
  6562 | D:7      | Reached skill level 10 in Axes
  7091 | D:8      | Found Rofymuju's Magic Scroll Shoppe.
  7148 | D:8      | Bought a scroll of magic mapping for 49 gold pieces
  7449 | D:8      | Noticed Kairos's ghost (novice FoFi)
  7500 | D:8      | Killed Kairos's ghost
  7500 | D:8      | Reached ** piety under Okawaru
  7500 | D:8      | Reached XP level 10. HP: 46/79 MP: 11/13
  8099 | D:8      | Reached skill level 5 in Invocations
  8249 | D:8      | Learned a level 1 spell: Apportation
  8254 | D:8      | Learned a level 4 spell: Summon Ice Beast
  8860 | D:9      | Reached *** piety under Okawaru
  9049 | D:9      | Noticed Erolcha
  9071 | D:9      | Killed Erolcha
  9071 | D:9      | Reached skill level 10 in Shields
  9071 | D:9      | Reached XP level 11. HP: 43/89 MP: 12/15
  9198 | D:9      | Learned a level 1 spell: Summon Butterflies
  9236 | D:10     | Entered Level 10 of the Dungeon
  9541 | D:10     | Reached skill level 10 in Fighting
  9805 | D:10     | Noticed a death knight
  9817 | D:10     | Reached skill level 1 in Dodging
  9848 | D:10     | Reached **** piety under Okawaru
  9877 | D:10     | Killed a death knight
 10025 | D:10     | Identified the Collected Works on the Icy Blaze
 10197 | D:10     | Reached skill level 5 in Armour
 10505 | D:10     | Identified a scroll of acquirement
 10512 | D:10     | Noticed a wizard
 10522 | D:10     | Killed a wizard
 10614 | D:10     | Found a staircase to the Lair.
 10672 | D:10     | Found a staircase to the Orcish Mines.
 10830 | D:10     | Noticed an unseen horror
 10838 | D:10     | Killed an unseen horror
 11305 | D:10     | Reached XP level 12. HP: 87/97 MP: 18/18
 11375 | D:11     | Reached ***** piety under Okawaru
 11847 | D:12     | Noticed hilaritas's ghost (journeyman DDMo)
 11882 | D:12     | Noticed hilaritas's ghost (journeyman DgFi)
 11894 | D:12     | Killed hilaritas's ghost
 11894 | D:12     | Reached skill level 5 in Dodging
 11930 | D:12     | Killed hilaritas's ghost
 12332 | D:12     | Received a gift from Okawaru
 12333 | D:12     | Got an ichor-stained plate armour {god gift}
 12344 | D:12     | Identified the +8 plate armour of Responsibility {MP+9 Dex+2} (Okawaru gifted it to you on level 12 of the Dungeon)
 12781 | D:12     | You fall through a shaft!
 12815 | D:12     | Noticed a centaur warrior
 12821 | D:12     | Killed a centaur warrior
 12821 | D:12     | Reached skill level 10 in Invocations
 13049 | Lair:1   | Entered Level 1 of the Lair of Beasts
 13282 | Lair:1   | Reached XP level 13. HP: 103/103 MP: 20/20
 13592 | Lair:1   | Reached skill level 10 in Armour
 14522 | Lair:2   | Received a gift from Okawaru
 15118 | Lair:3   | Noticed Harold
 15132 | Lair:3   | Killed Harold
 15317 | Lair:3   | Learned a level 2 spell: Shroud of Golubria
 15339 | Lair:3   | Noticed Gastronok
 15355 | Lair:3   | Killed Gastronok
 16016 | Lair:4   | Found a staircase to the Shoals.
 16231 | Lair:4   | Reached XP level 14. HP: 108/111 MP: 21/21
 16699 | Lair:4   | Found a staircase to the Snake Pit.
 17111 | Lair:4   | Received a gift from Okawaru
 17150 | Lair:4   | Reached ****** piety under Okawaru
 17187 | Lair:4   | Got a scintillating glass ring
 17189 | Lair:4   | Identified the ring of Midwinter {+Fly rElec rPois MR+ Dex-4} (You found it on level 4 of the Lair of Beasts)
 18372 | Lair:5   | Received a gift from Okawaru
 18583 | Lair:6   | Entered Level 6 of the Lair of Beasts
 18591 | Lair:6   | Reached skill level 15 in Axes
 19520 | Lair:6   | Reached XP level 15. HP: 100/119 MP: 22/22
 19763 | Lair:6   | Received a gift from Okawaru
 20608 | Lair:6   | Found a staircase to the Slime Pits.
 20608 | Lair:6   | Found a viscous altar of Jiyva.
 21667 | D:13     | Received a gift from Okawaru
 22259 | D:14     | Found a gate to the Vaults.
 22259 | D:14     | Noticed Rupert
 22292 | D:13     | Killed Rupert
 22357 | D:14     | Found a radiant altar of Vehumet.
 22586 | D:14     | You fall through a shaft!
 22586 | D:15     | Entered Level 15 of the Dungeon
 22748 | D:15     | Reached XP level 16. HP: 71/127 MP: 23/23
 23176 | D:14     | Received a gift from Okawaru
 23177 | D:14     | Got a transparent robe {god gift}
 23920 | D:15     | Found a staircase to the Depths.
 24071 | D:15     | Found Gukest's Distillery.
 24086 | D:15     | Bought a potion of heal wounds for 75 gold pieces
 24086 | D:15     | Bought a potion of heal wounds for 75 gold pieces
 24086 | D:15     | Bought 2 potions of mutation for 240 gold pieces
 24086 | D:15     | Gained mutation: You are partially covered in icy blue scales. (AC +2) [potion of mutation]
 24086 | D:15     | Gained mutation: You are frail. (-10% HP) [potion of mutation]
 24086 | D:15     | Gained mutation: You have sharp fingernails. [potion of mutation]
 24087 | D:15     | Lost mutation: You are frail. (-10% HP) [potion of mutation]
 24087 | D:15     | Lost mutation: You have sharp fingernails. [potion of mutation]
 24087 | D:15     | Gained mutation: You expend magic power (3 MP) to strengthen your wands. [potion of mutation]
 24087 | D:15     | Gained mutation: Your mind is acute. (Int +2) [potion of mutation]
 24087 | D:15     | Gained mutation: Your mind is very acute. (Int +4) [potion of mutation]
 24459 | Orc:1    | Entered Level 1 of the Orcish Mines
 24541 | Orc:2    | Entered Level 2 of the Orcish Mines
 24541 | Orc:2    | Found a staircase to the Elven Halls.
 25027 | Orc:2    | Received a gift from Okawaru
 25113 | Orc:2    | Reached XP level 17. HP: 100/135 MP: 24/24
 25334 | Orc:2    | Found Wudwust's Distillery.
 25334 | Orc:2    | Found Fenlanla's Gadget Shop.
 25335 | Orc:2    | Found Zearpheikh's Jewellery Shop.
 25335 | Orc:2    | Found Unyh Jeew's Armour Shoppe.
 25355 | Orc:2    | Bought a potion of agility for 56 gold pieces
 25355 | Orc:2    | Bought a potion of heal wounds for 70 gold pieces
 25355 | Orc:2    | Bought a potion of heal wounds for 70 gold pieces
 25356 | Orc:2    | Bought a cursed ring of protection from cold for 308 gold pieces
 25356 | Orc:2    | Bought an uncursed ring of positive energy for 280 gold pieces
 26000 | Orc:1    | Received a gift from Okawaru
 26397 | Shoals:1 | Entered Level 1 of the Shoals
 27169 | Shoals:1 | HP: 11/137 [drowned by a drowned soul[a merfolk avatar] (13)]
 27173 | Shoals:1 | HP: 3/137 [drowned by a drowned soul[a merfolk avatar] (14)]
 27680 | Snake:1  | Entered Level 1 of the Snake Pit
 28027 | Snake:1  | Noticed Asterion
 28040 | Snake:1  | Killed Asterion
 28040 | Snake:1  | Received a gift from Okawaru
 28055 | Snake:1  | Learned a level 3 spell: Tukima's Dance
 28058 | Snake:1  | Got a dazzling war axe {god gift}
 28060 | Snake:1  | Identified the +4 war axe of the Boar {holy, Dex+3 Stlth+} (Okawaru gifted it to you on level 1 of the Snake Pit)
 29109 | Snake:2  | Found a glowing golden altar of the Shining One.
 29488 | Snake:2  | Reached XP level 18. HP: 142/146 MP: 25/25
 29498 | Snake:2  | Received a gift from Okawaru
 31515 | Snake:3  | Received a gift from Okawaru
 31594 | Snake:3  | Got a jacinth-encrusted plate armour
 31605 | Snake:3  | Identified the +6 plate armour of Too Many Cooks {rPois rF- rN+++ Stlth+} (You found it on level 3 of the Snake Pit)
 31990 | Snake:3  | Noticed Donald
 31998 | Snake:3  | Killed Donald
 32937 | Orc:2    | Bought the +8 orange crystal plate armour {Archmagi, Int+3 Clar} for 2456 gold pieces
 33205 | Snake:4  | Entered Level 4 of the Snake Pit
 33213 | Snake:4  | Reached XP level 19. HP: 146/154 MP: 26/26
 33218 | Snake:4  | Reached skill level 15 in Fighting
 33745 | Snake:4  | Received a gift from Okawaru
 35483 | Snake:3  | Received a gift from Okawaru
 35696 | Snake:4  | Noticed Vashnia
 35717 | Snake:4  | Killed Vashnia
 36275 | Snake:4  | Reached XP level 20. HP: 135/163 MP: 24/27
 36855 | Snake:4  | Got a serpentine rune of Zot
 37312 | D:8      | Bought a scroll of enchant weapon for 105 gold pieces
 37406 | Elf:1    | Entered Level 1 of the Elven Halls
 37415 | Elf:1    | Received a gift from Okawaru
 37561 | Elf:1    | Found Izxefod's Antique Weapon Shop.
 38785 | Elf:1    | Received a gift from Okawaru
 38797 | Elf:1    | Identified a +0 pair of boots of running (Okawaru gifted it to you on level 1 of the Elven Halls)
 39040 | Elf:2    | Got a bound platinum amulet
 39041 | Elf:2    | Identified the amulet "Qaisoiqa" {Harm *Drain rPois rC+} (You found it on level 2 of the Elven Halls)
 39700 | Elf:2    | Found a runed gate.
 39701 | Elf:2    | Found a runed gate.
 39704 | Elf:2    | Found a runed gate.
 40081 | Elf:2    | Reached XP level 21. HP: 171/171 MP: 28/28
 41100 | Shoals:1 | Noticed Aizul
 41111 | Shoals:1 | Killed Aizul
 41648 | Shoals:1 | Received a gift from Okawaru
 41651 | Shoals:1 | Identified the +1 large shield of the Cicada {rPois rN+} (Okawaru gifted it to you on level 1 of the Shoals)
 41710 | Shoals:2 | Found a frozen archway.
 41714 | IceCv    | Entered an ice cave
 42302 | IceCv    | HP: 17/172 [Ice Fiend/bolt of cold (25)]
 43353 | Shoals:2 | Noticed hilaritas's ghost (adept FoFi)
 43372 | Shoals:2 | Killed hilaritas's ghost
 43896 | Shoals:3 | Noticed Bai Suzhen
 43928 | Shoals:3 | Killed Bai Suzhen
 43940 | Shoals:3 | HP: 14/175 [water nymph/the raging water (30)]
 44623 | Shoals:3 | Learned a level 2 spell: Swiftness
 44934 | Shoals:3 | Received a gift from Okawaru
 45174 | Shoals:4 | Entered Level 4 of the Shoals
 45274 | Shoals:4 | Reached XP level 22. HP: 170/183 MP: 29/29
 45533 | Shoals:4 | Noticed Ilsuiw
 45803 | Shoals:4 | Killed Ilsuiw
 46131 | Shoals:4 | Received a gift from Okawaru
 46528 | Shoals:4 | Identified Sif Muna's Compendium of Ice
 46817 | Shoals:4 | Found Angear's Assorted Antiques.
 46839 | Shoals:4 | Bought a brightly glowing glass ring for 165 gold pieces
 46839 | Shoals:4 | Bought a potion of heal wounds for 165 gold pieces
 46839 | Shoals:4 | Identified the cursed ring of Coronation {*Drain *Slow Int+9 Slay-4 SInv} (You bought it in a shop on level 4 of the Shoals)
 47193 | Shoals:4 | Got a barnacled rune of Zot
 47471 | Elf:3    | Entered Level 3 of the Elven Halls
 47675 | Elf:3    | Received a gift from Okawaru
 48190 | Elf:3    | Received a gift from Okawaru
 48194 | Elf:3    | Noticed hilaritas's ghost (adept DsBe)
 48233 | Elf:3    | Killed hilaritas's ghost
 48658 | Elf:3    | Identified the Almanac of Self-Knowledge and the Compass
 48668 | Elf:3    | Identified Kikurph's Handbook of Poisonous Cold
 48741 | Elf:3    | Reached XP level 23. HP: 170/195 MP: 30/30
 48867 | Elf:3    | Identified Vauth's Guide on Sinister Magic and Combat Magic
 48886 | Elf:3    | Identified the ring "Muits" {+Blink rN+ Int+3 Dex-5} (You found it on level 3 of the Elven Halls)
 49227 | Vaults:1 | Entered Level 1 of the Vaults
 49269 | Vaults:1 | Received a gift from Okawaru
 49436 | Vaults:1 | Found Vicavoys's Assorted Antiques.
 49444 | Vaults:1 | Bought a brightly glowing battleaxe for 460 gold pieces
 49444 | Vaults:1 | Identified the +5 battleaxe of Governance {flame, rElec Int-2 Dex+8 SInv} (You bought it in a shop on level 1 of the Vaults)
 49850 | Vaults:1 | Got a pair of slimy boots
 49861 | Vaults:1 | Identified the cursed -5 pair of boots of Soqeihad {SInv Stlth+} (You found it on level 1 of the Vaults)
 50228 | Vaults:1 | Received a gift from Okawaru
 50656 | Vaults:1 | You fall through a shaft!
 50683 | Vaults:2 | Found a portal to a secret trove of treasure.
 50726 | Vaults:2 | Found a magical portal.
 50735 | WizLab   | Entered Cigotuvi's Fleshworks
 51165 | WizLab   | Received a gift from Okawaru
 51342 | WizLab   | Identified Cigotuvi's Volume of Transmigration and Black Secrets
 51486 | Vaults:2 | Lost mutation: Your mind is very acute. (Int +4) [potion of mutation]
 51486 | Vaults:2 | Lost mutation: Your mind is acute. (Int +2) [potion of mutation]
 51486 | Vaults:2 | Gained mutation: You do not regenerate when monsters are visible. [potion of mutation]
 51486 | Vaults:2 | Gained mutation: Your spells are a little harder to cast, but a little more powerful. [potion of mutation]
 51487 | Vaults:2 | Lost mutation: You expend magic power (3 MP) to strengthen your wands. [potion of mutation]
 51487 | Vaults:2 | Lost mutation: You are partially covered in icy blue scales. (AC +2) [potion of mutation]
 51487 | Vaults:2 | Lost mutation: You do not regenerate when monsters are visible. [potion of mutation]
 51487 | Vaults:2 | Lost mutation: Your spells are a little harder to cast, but a little more powerful. [potion of mutation]
 51487 | Vaults:2 | Gained mutation: You have an increased reservoir of magic. (+10% MP) [potion of mutation]
 51487 | Vaults:2 | Gained mutation: Your muscles are strong. (Str +2) [potion of mutation]
 51487 | Vaults:2 | Gained mutation: Your spells are a little harder to cast, but a little more powerful. [potion of mutation]
 51832 | Vaults:2 | Found a staircase to the Crypt.
 51916 | Vaults:1 | Lost mutation: Your muscles are strong. (Str +2) [potion of mutation]
 51916 | Vaults:1 | Lost mutation: Your spells are a little harder to cast, but a little more powerful. [potion of mutation]
 51916 | Vaults:1 | Lost mutation: You have an increased reservoir of magic. (+10% MP) [potion of mutation]
 51916 | Vaults:1 | Gained mutation: Your spells are a little harder to cast, but a little more powerful. [potion of mutation]
 51916 | Vaults:1 | Gained mutation: You have large cloven feet. [potion of mutation]
 51916 | Vaults:1 | Gained mutation: You possess an exceptional clarity of mind. [potion of mutation]
 51917 | Vaults:1 | Lost mutation: You have large cloven feet. [potion of mutation]
 51917 | Vaults:1 | Lost mutation: You possess an exceptional clarity of mind. [potion of mutation]
 51917 | Vaults:1 | Lost mutation: Your spells are a little harder to cast, but a little more powerful. [potion of mutation]
 51917 | Vaults:1 | Gained mutation: Your flesh is heat resistant. (rF+) [potion of mutation]
 51917 | Vaults:1 | Gained mutation: Your flesh is very heat resistant. (rF++) [potion of mutation]
 51917 | Vaults:1 | Gained mutation: You have a somewhat thin skeletal structure. (Dex +2, Stealth) [potion of mutation]
 52146 | Vaults:2 | Reached XP level 24. HP: 198/209 MP: 30/30
 52651 | Vaults:2 | Reached skill level 15 in Shields
 53096 | Vaults:3 | Received a gift from Okawaru
 53108 | Vaults:3 | Got a scorched cloak {god gift}
 53119 | Vaults:3 | Identified the +0 cloak of an ice cave {MR+} (Okawaru gifted it to you on level 3 of the Vaults)
 53375 | Vaults:3 | Noticed Mennas
 53393 | Vaults:3 | Killed Mennas
 53724 | Vaults:3 | Gained mutation: You expend magic power (3 MP) to strengthen your wands. [a shining eye]
 53964 | Vaults:3 | Noticed Jory
 53970 | Vaults:3 | Killed Jory
 53986 | Vaults:3 | Noticed Sojobo
 54003 | Vaults:3 | Killed Sojobo
 54233 | Vaults:4 | Received a gift from Okawaru
 54318 | Vaults:4 | Found Iribair's Armour Emporium.
 54350 | Vaults:4 | Reached XP level 25. HP: 222/222 MP: 30/30
 55431 | Vaults:5 | Entered Level 5 of the Vaults
 55449 | Vaults:5 | Received a gift from Okawaru
 55515 | Vaults:5 | HP: 9/225 [deep elf annihilator/iron shot (46)]
 55649 | Vaults:5 | Received a gift from Okawaru
 55650 | Vaults:5 | Identified the ring of Tishrid {*Slow rPois Str+9 Dex-4 SInv} (You took it off a vault warden on level 5 of the Vaults)
 55956 | Vaults:5 | Received a gift from Okawaru
 56192 | Vaults:5 | Reached XP level 26. HP: 198/236 MP: 25/30
 56249 | Vaults:5 | Received a gift from Okawaru
 56492 | Vaults:5 | Got a silver rune of Zot
 56780 | Vaults:5 | Got a faintly glowing ivory ring
 56781 | Vaults:5 | Identified the ring of Pidaw {Fire Slay+2} (You found it on level 5 of the Vaults)
 56836 | Vaults:5 | Identified the amulet "Guri Caf" {*Contam rPois MR+++ Regen+ SInv} (You took it off a yaktaur on level 5 of the Vaults)
 57008 | Vaults:5 | Identified the Handbook of Ashen Conjuration
 57716 | Depths:1 | Entered Level 1 of the Depths
 57808 | Depths:1 | Noticed the Enchantress
 57823 | Depths:1 | Killed the Enchantress
 57831 | Depths:1 | Received a gift from Okawaru
 58015 | Depths:1 | Identified the +0 faerie dragon scales {rCorr Str+3} (You took it off the Enchantress on level 1 of the Depths)
 58039 | Depths:1 | Found a gateway to Hell.
 58250 | Depths:1 | Reached skill level 27 in Fighting
 58492 | Depths:2 | Noticed a juggernaut
 58512 | Depths:2 | Killed a juggernaut
 58512 | Depths:2 | Received a gift from Okawaru
 58520 | Depths:2 | Reached XP level 27. HP: 246/249 MP: 30/30
 58552 | Depths:2 | Reached skill level 15 in Armour
 58771 | Depths:2 | Noticed Nikola
 58800 | Depths:2 | Killed Nikola
 58926 | Depths:2 | Found a gateway to a ziggurat.
 60125 | Depths:3 | Received a gift from Okawaru
 60294 | Depths:3 | Found a one-way gate leading to the halls of Pandemonium.
 61442 | Depths:4 | Received a gift from Okawaru
 61455 | Depths:4 | Reached skill level 10 in Dodging
 61463 | Depths:4 | Found a one-way gate to the infinite horrors of the Abyss.
 61941 | Depths:5 | Entered Level 5 of the Depths
 62251 | Depths:5 | Found a snail-covered altar of Cheibriados.
 62252 | Depths:5 | Found a shadowy altar of Dithmenos.
 62252 | Depths:5 | Found a glowing silver altar of Zin.
 62459 | Depths:5 | Received a gift from Okawaru
 62670 | Depths:5 | Noticed Frederick
 62688 | Depths:5 | Killed Frederick
 63150 | Depths:5 | Learned a level 6 spell: Deflect Missiles
 63488 | Vaults:1 | Bought shadow dragon scales for 3200 gold pieces
 63543 | Vaults:2 | You paid a toll of +3 shadow dragon scales to enter a treasure trove
 63544 | Trove    | Entered a treasure trove
 63557 | Trove    | Got a glittering lapis lazuli ring
 63559 | Trove    | Identified the ring "Siufej" {rC+ MR+} (You found it in a treasure trove)
 63568 | Trove    | Identified the amulet of Adwyrch {Gourm +Fly} (You found it in a treasure trove)
 63573 | Trove    | Identified the ring "Mavusmete" {rC+++ rN++ Str+3 Int-2 Dex-2} (You found it in a treasure trove)
 63586 | Trove    | Identified the ring of Heblaqol {rPois rF+ rC++ EV+2 Dex+2} (You found it in a treasure trove)
 63877 | Depths:5 | Noticed a juggernaut
 63887 | Depths:5 | Killed a juggernaut
 63916 | Depths:5 | Received a gift from Okawaru
 64178 | Depths:5 | Received a gift from Okawaru
 65271 | Depths:5 | Noticed a juggernaut
 65279 | Depths:5 | Killed a juggernaut
 65376 | Depths:5 | Found a gate to the Realm of Zot.
 65388 | Zot:1    | Entered Level 1 of the Realm of Zot
 65493 | Zot:1    | Received a gift from Okawaru
 66904 | Zot:3    | Received a gift from Okawaru
 66920 | Zot:3    | Identified the +3 cloak of Beyond {*Slow Int+9 Dex+2 SInv} (Okawaru gifted it to you on level 3 of the Realm of Zot)
 67190 | Zot:3    | Noticed an orb of fire
 67195 | Zot:3    | Gained mutation: You are frail. (-10% HP) [an orb of fire]
 67198 | Zot:3    | Gained mutation: You are dopey. (Int -2) [an orb of fire]
 67200 | Zot:3    | Killed an orb of fire
 67844 | Zot:4    | Received a gift from Okawaru
 68937 | Zot:5    | Entered Level 5 of the Realm of Zot
 68941 | Zot:5    | Reached skill level 27 in Armour
 69139 | Zot:5    | Reached skill level 1 in Evocations
 69300 | Zot:5    | Received a gift from Okawaru
 69425 | Zot:5    | Reached skill level 5 in Evocations
 69446 | Zot:5    | Noticed an orb of fire
 69506 | Zot:5    | Gained mutation: You are clumsy. (Dex -2) [an orb of fire]
 69508 | Zot:5    | Gained mutation: You are very clumsy. (Dex -4) [an orb of fire]
 69510 | Zot:5    | Gained mutation: Your spells are a little easier to cast, but a little less powerful. [an orb of fire]
 69514 | Zot:5    | Killed an orb of fire
 69528 | Zot:5    | Noticed an orb of fire
 69529 | Zot:5    | Received a gift from Okawaru
 69531 | Zot:5    | Gained mutation: Your spells are easier to cast, but less powerful. [an orb of fire]
 69539 | Zot:5    | Killed an orb of fire
 69711 | Zot:5    | Noticed an ancient lich
 69720 | Zot:5    | Killed an ancient lich
 69760 | Zot:5    | Reached skill level 15 in Dodging
 69760 | Zot:5    | Reached skill level 10 in Evocations
 69786 | Zot:5    | Got the Orb of Zot
 69802 | Zot:5    | Noticed Putigis the pandemonium lord
 69815 | Zot:5    | HP: 21/224 [Putigis the pandemonium lord/crystal spear (54)]
 69821 | Zot:5    | HP: 20/224 [??? (11)]
 69831 | Zot:5    | Killed from afar by Putigis the pandemonium lord

Skill      XL: |  1  2  3  4  5  6  7  8  9 10 11 12 13 14 15 16 17 18 19 20 21 22 23 24 25 26 27 |
---------------+----------------------------------------------------------------------------------+-----
Shields        | 4 5 6 8 10 13 14 15 | 15.0
Axes           | 3 4 6 7 8 10 13 15 18 19 21 22 24 25 26 | 26.0
Fighting       | 4 5 7 9 10 11 12 14 15 16 17 19 21 23 25 27 | 27.0
Invocations    | 1 4 5 8 10 | 10.0
Armour         | 6 9 10 11 12 13 14 27 | 27.0
Dodging        | 3 6 7 15 | 15.2
Evocations     | 10 | 10.6

Action                   |  1- 3 |  4- 6 |  7- 9 | 10-12 | 13-15 | 16-18 | 19-21 | 22-24 | 25-27 || total
-------------------------+-------+-------+-------+-------+-------+-------+-------+-------+-------++-------
Melee: War axe           |    78 |   152 |   324 |   834 |   219 |    23 |     8 |       |       ||  1638
       Executioner's axe |       |       |       |       |   805 |   414 |  1279 |   963 |  2122 ||  5583
       Battleaxe         |       |       |       |       |    69 |   762 |       |       |       ||   831
Throw: Tomahawk          |       |       |     1 |     3 |     3 |     1 |    14 |       |       ||    22
       Javelin           |       |       |       |       |       |       |     5 |       |       ||     5
Invok: Heroism           |       |       |     1 |     8 |     9 |     5 |    12 |     7 |    13 ||    55
       Finesse           |       |       |       |       |       |     1 |     1 |     1 |     8 ||    11
Evoke: Wand              |       |       |       |       |       |       |     3 |       |       ||     3
  Use: Scroll            |     7 |     5 |     7 |    13 |     5 |    10 |    14 |    14 |    39 ||   114
       Potion            |       |     2 |     2 |     1 |     1 |     4 |     5 |     5 |     8 ||    28
 Stab: Distracted        |       |       |       |       |       |       |     1 |       |     1 ||     2
  Eat: Chunk             |     1 |     7 |     9 |    22 |    30 |    19 |    25 |     9 |       ||   122
       Royal jelly       |       |       |     2 |       |       |     1 |     1 |     8 |    14 ||    26
       Fruit             |       |       |       |       |     2 |    17 |    13 |     4 |    13 ||    49
       Meat ration       |       |       |       |       |       |       |       |       |     2 ||     2
Armor: Scale mail        |    43 |    42 |    15 |       |       |       |       |       |       ||   100
       Chain mail        |       |       |    71 |   150 |       |       |       |       |       ||   221
       Plate armour      |       |       |       |    28 |   305 |   235 |       |       |       ||   568
       Crystal plate arm |       |       |       |       |       |     2 |   483 |   244 |   516 ||  1245
Dodge: Dodged            |    30 |    38 |    67 |   232 |   627 |   411 |   482 |   238 |   601 ||  2726
       Deflected         |       |       |       |       |     1 |     2 |       |    18 |     6 ||    27
Block: Shield            |    62 |    89 |   216 |   608 |  1051 |   714 |   693 |       |       ||  3433
       Reflection        |       |     4 |     6 |    17 |     6 |    73 |   213 |    60 |       ||   379
       Large shield      |       |       |       |       |       |       |   460 |   876 |  1713 ||  3049
